 Dungeon Crawl Stone Soup version 0.19-a0-1254-gb9c29c0 (webtiles) character file.

490 FrankyJ the Ducker (level 7, -2/46 HPs)
             Began as a Merfolk Summoner on Aug 27, 2016.
             Was a Believer of Hepliaklqana.
             Shot with an arrow by a centaur (7 damage)
             ... on level 5 of the Dungeon on Aug 28, 2016.
             The game lasted 00:17:39 (6844 turns).

FrankyJ the Ducker (Merfolk Summoner)               Turns: 6844, Time: 00:17:39

Health: -2/46      AC:  4    Str:  9    XL:     7   Next: 14%
Magic:  6/12       EV: 17    Int: 14    God:    Hepliaklqana [**....]
Gold:   308        SH:  0    Dex: 16    Spells: 2 memorised, 10 levels left

rFire  . . .     SeeInvis .     w - +0 trident
rCold  . . .     Gourm    .     a - +0 robe
rNeg   . . .     Faith    .     (no shield)
rPois  .         Spirit   .     d - +0 helmet (curse)
rElec  .         Dismiss  .     (no cloak)
rCorr  .         Reflect  .     (no gloves)
MR     .....     Harm     .     u - +0 pair of boots
Stlth  ++........               (no amulet)
                                (no ring)
                                (no ring)

@: no status effects
A: change form in water, swift swim, stealthy swim
a: Ancestor Life: Knight, Ancestor Life: Battlemage, Ancestor Life: Hexer,
Recall Ancestor, Ancestor Identity, Renounce Religion


You were on level 5 of the Dungeon.
You worshipped Hepliaklqana.
Hepliaklqana was pleased with you.
You were not hungry.

You visited 1 branch of the dungeon, and saw 5 of its levels.

You collected 308 gold pieces.

Inventory:

Hand Weapons
 t - a +0 blowgun
 w - a +0 trident (weapon)
Missiles
 h - 8 javelins
 m - 3 exploding tomahawks (quivered)
 q - 23 poisoned needles
 C - 6 tomahawks
Armour
 a - a +0 robe (worn)
 d - a cursed +0 helmet (worn)
 u - a +0 pair of boots (worn)
Jewellery
 x - an uncursed ring of protection from fire {unknown}
Wands
 A - a wand of iceblast (10/15)
Scrolls
 e - a scroll of amnesia
 g - 2 scrolls of enchant armour {unknown}
 i - a scroll of teleportation
 l - 2 scrolls of fog {unknown}
 n - a scroll of identify
 p - 3 scrolls of remove curse
 s - a scroll of noise {unknown}
 y - a scroll of fear {unknown}
 z - a scroll of immolation {unknown}
Potions
 j - a potion of invisibility {unknown}
 r - a potion of flight {unknown}
 v - a potion of curing {unknown}
Books
 b - a book of Callings

   Spells                             Type                      Level
   a - Summon Small Mammal            Summoning                    1
   b - Call Imp                       Summoning                    2
   c - Call Canine Familiar           Summoning                    3
   d - Summon Guardian Golem          Hexes/Summoning              3
   e - Summon Lightning Spire         Summoning/Air                4
   f - Summon Ice Beast               Ice/Summoning                4
Comestibles
 c - 2 bread rations
 f - 5 fruits
 k - a meat ration
 o - 2 beef jerkies


   Skills:
 + Level 3.2 Fighting
 + Level 3.1 Polearms
 * Level 7.0 Dodging
 - Level 2.1 Stealth
 + Level 3.6 Spellcasting
 - Level 4.0 Summonings


You had 10 spell levels left.
You knew the following spells:

 Your Spells              Type           Power        Failure   Level  Hunger
a - Summon Small Mammal   Summ           ##..         4%          1    None
b - Call Imp              Summ           ##......     10%         2    ##.....


Dungeon Overview and Level Annotations

Branches:
Dungeon (5/15)
 Temple: D:4-7

Altars:
Dithmenos
Elyvilon
Gozag
Hepliaklqana
Makhleb
Yredelemnul
Zin
The Shining One

Annotations:
D:4 Pikel


Message History

Casting: Call Imp
Confirm with . or Enter, or press ? or * to list all spells.
A beastly little devil appears in a puff of flame.
The centaur shoots an arrow.
The arrow closely misses your crimson imp.
The arrow hits you!
* * * LOW HITPOINT WARNING * * *
The arrow freezes you.
* * * LOW HITPOINT WARNING * * *
You swap places.
The centaur shoots an arrow.
The arrow barely misses your crimson imp.
The arrow hits your white imp!
Your white imp dies!
Your crimson imp barely misses the centaur.
Your white imp hits the centaur.
Your white imp freezes the centaur.
The centaur shoots an arrow.
The arrow hits your crimson imp. The arrow freezes your crimson imp.
The centaur shoots an arrow.
The arrow closely misses your crimson imp.
The arrow hits you!
You die...

#.# #...###
#.# #...#
#.# #...#
#.# #...#
#.# #...#
#.# #####
##### #.#
#...#
#.####...##
#....@....#
######R(55#
####c# #.#
# #(# # #.#
#
#.######..
#.#.......
#.c.......


You could see the friendly Mr Spooky the ancestor, a centaur, a friendly crimson
imp and a friendly white imp.

Vanquished Creatures
  A centaur (D:5)
  An orc wizard (D:5)
  2 worker ants (D:5)
  A hound skeleton (D:5)
  7 adders
  2 worms (D:2)
  A dart slug (D:5)
  6 giant geckos
  2 orcs (D:5)
  A ball python (D:2)
  2 giant cockroaches (D:3)
  6 goblins
  5 hobgoblins
  5 jackals
  2 quokkas
  A bat (D:2)
  2 giant newts
  8 kobolds
  7 rats
62 creatures vanquished.

Vanquished Creatures (collateral kills)
  2 slaves (D:4)
  Blork the orc (D:4)
  A scorpion (D:5)
  A giant frog zombie (D:5)
  A hound (D:5)
  A hound zombie (D:5)
  4 gnolls (D:3)
  3 adders
  2 worms
  A dart slug (D:1)
  A giant gecko (D:3)
  5 orcs (D:5)
  2 bats
  3 giant cockroaches
  A goblin (D:3)
  3 hobgoblins
  8 jackals
  2 quokkas
  A kobold (D:3)
  A quokka zombie (D:5)
  2 rats
46 creatures vanquished.

Vanquished Creatures (others)
  2 ancestors
2 creatures vanquished.

Grand Total: 110 creatures vanquished

Notes
Turn   | Place    | Note
-------+----------+-------------------------------------------
     0 | D:1      | FrankyJ the Merfolk Summoner began the quest for the Orb.
     0 | D:1      | Reached XP level 1. HP: 13/13 MP: 3/3
   289 | D:1      | Reached skill level 3 in Dodging
   579 | D:1      | Reached XP level 2. HP: 11/19 MP: 5/5
   703 | D:1      | Learned a level 2 spell: Call Imp
  1443 | D:2      | Reached skill level 1 in Fighting
  1459 | D:2      | Reached XP level 3. HP: 17/26 MP: 6/6
  1992 | D:2      | Reached skill level 4 in Dodging
  2236 | D:2      | Found a faded altar of an unknown god.
  2263 | D:2      | Reached XP level 4. HP: 7/33 MP: 4/7
  2953 | D:2      | Found a shadowy altar of Dithmenos.
  3732 | D:3      | Reached skill level 5 in Dodging
  3732 | D:3      | Reached XP level 5. HP: 38/38 MP: 6/9
  3831 | D:3      | Found an opulent altar of Gozag.
  4036 | D:3      | Found a burning altar of Makhleb.
  4036 | D:3      | Found a glowing silver altar of Zin.
  4036 | D:3      | Found a hazy altar of Hepliaklqana.
  4093 | D:3      | Became a worshipper of Hepliaklqana
  5022 | D:4      | Noticed Blork the orc
  5034 | D:4      | Killed Blork the orc
  5135 | D:4      | Reached * piety under Hepliaklqana
  5233 | D:4      | Found a glowing golden altar of the Shining One.
  5240 | D:4      | Noticed a slave
  5241 | D:4      | Noticed a slave
  5258 | D:4      | Killed a slave
  5423 | D:4      | Noticed Pikel
  5424 | D:4      | Noticed a slave
  5466 | D:4      | Killed a slave
  5491 | D:5      | Entered Level 5 of the Dungeon
  5534 | D:5      | Reached skill level 1 in Polearms
  5534 | D:5      | Reached skill level 6 in Dodging
  5534 | D:5      | Reached XP level 6. HP: 27/41 MP: 3/10
  6133 | D:5      | Found a basalt altar of Yredelemnul.
  6237 | D:5      | Found a white marble altar of Elyvilon.
  6606 | D:5      | Reached skill level 7 in Dodging
  6606 | D:5      | Reached XP level 7. HP: 32/46 MP: 6/12
  6746 | D:5      | Reached ** piety under Hepliaklqana
  6844 | D:5      | Shot with an arrow by a centaur

Vault maps used:
D:1:      kilobyte_arrival_exit_the_forest
D:2:      kennysheep_big_flooded_room, nicolae_overflow_crystal_walls,
          ecumenical_altar_2, first_bread
D:3:      gammafunk_temple_overflow_claw, grunt_gozag_statues,
          gup_sewer_entry_pipe
D:4:      nicolae_tso_carved_into_rock, kennysheep_generic_room_14, uniq_pikel,
          uniq_blork_the_orc
D:5:      kennysheep_ying_yang, gammafunk_temple_overflow_wave,
          hangedman_abyss_or_decor_stabs, minmay_misc_feat_x,
          minmay_misc_feat_encased

Skill      XL: |  1  2  3  4  5  6  7 |
---------------+----------------------+-----
Dodging        | 3 4 5 6 7 |  7.0
Fighting       | 1 2 3 |  3.2
Spellcasting   | 3 |  3.6
Polearms       | 1 2 3 |  3.1
Stealth        | |  2.1
Summonings     | |  4.0

Action                   |  1- 3 |  4- 6 |  7- 9 || total
-------------------------+-------+-------+-------++-------
Melee: Short sword       |    57 |       |       ||    57
       Unarmed           |     8 |       |       ||     8
       Tailslap          |     3 |     2 |       ||     5
       Spear             |    18 |   148 |       ||   166
       Dagger            |    12 |       |       ||    12
       Trident           |       |    46 |     1 ||    47
Throw: Tomahawk          |       |     4 |       ||     4
 Cast: Call Imp          |    15 |    46 |     3 ||    64
       Summon Small Mamm |     2 |       |       ||     2
Invok: Ancestor Identity |       |     1 |       ||     1
  Use: Scroll            |     4 |     1 |       ||     5
       Potion            |     1 |       |       ||     1
 Stab: Sleeping          |       |     8 |       ||     8
       Distracted        |       |     4 |       ||     4
  Eat: Chunk             |     5 |    17 |     1 ||    23
Armor: Robe              |    19 |    44 |     2 ||    65
Dodge: Dodged            |    68 |   185 |     1 ||   254
